 Dungeon Crawl Stone Soup version 0.28.0-53-g5a82cb258f (webtiles) character file.

Game seed: 14552496333974152972

473 ZappyNine the Covert (level 7, -1/56 HPs)
             Began as a Gnoll Brigand on May 21, 2022.
             Slain by Ijyb
             ... wielding a +6 club
              (9 damage)
             ... on level 4 of the Dungeon.
             The game lasted 00:04:29 (3733 turns).

ZappyNine the Covert (Gnoll Brigand)                Turns: 3733, Time: 00:04:29

Health: -1/56      AC:  3    Str: 10 (12) XL:     7   Next: 10%
Magic:  10/10      EV: 12    Int:  9 (10) God:
Gold:   171        SH:  0    Dex: 11 (14) Spells: 10/10 levels left

rFire   . . .      SeeInvis .   a - +2 dagger
rCold   . . .      Faith    .   (no shield)
rNeg    . . .      Spirit   .   b - +0 robe
rPois   .          Reflect  .   (no helmet)
rElec   .          Harm     .   c - +0 cloak
rCorr   .          Rampage  .   (no gloves)
Will    .....                   (no boots)
Stlth   ++++......              (no amulet)
HPRegen 0.18/turn               (no ring)
MPRegen 0.12/turn               (no ring)

@: no status effects
A: fangs 1, strong nose, distributed training
a: no special abilities


You were on level 4 of the Dungeon.
You visited 1 branch of the dungeon, and saw 4 of its levels.

You collected 171 gold pieces.

Inventory:

Hand Weapons
 a - a +2 dagger (weapon)
Missiles
 d - 12 poisoned darts (quivered)
 e - a curare-tipped dart
Armour
 b - a +0 robe (worn)
 c - a +0 cloak (worn)
Scrolls
 f - 2 scrolls of acquirement {unknown}
 g - a scroll of silence {unknown}
 h - 2 scrolls of teleportation {unknown}
 i - 2 scrolls of vulnerability {unknown}
 l - 3 scrolls of identify {unknown}
 m - a scroll of enchant armour {unknown}
 p - a scroll of fear {unknown}
 q - a scroll of magic mapping {unknown}
Potions
 n - a potion of attraction {unknown}
 o - a potion of cancellation {unknown}


   Skills:
 + Level 5.1 Fighting
 + Level 5.1 Short Blades
 + Level 2.2 Long Blades
 + Level 2.2 Axes
 + Level 2.2 Maces & Flails
 + Level 2.2 Polearms
 + Level 2.2 Staves
 + Level 2.2 Slings
 + Level 2.2 Bows
 + Level 2.2 Crossbows
 + Level 5.1 Throwing
 + Level 2.2 Armour
 + Level 3.4 Dodging
 + Level 8.1 Stealth
 + Level 2.2 Shields
 + Level 2.2 Unarmed Combat
 + Level 2.2 Spellcasting
 + Level 1.8 Conjurations
 + Level 1.8 Hexes
 + Level 1.8 Summonings
 + Level 1.8 Necromancy
 + Level 1.8 Translocations
 + Level 1.8 Transmutations
 + Level 1.8 Fire Magic
 + Level 1.8 Ice Magic
 + Level 1.8 Air Magic
 + Level 1.8 Earth Magic
 + Level 1.8 Poison Magic
 + Level 2.5 Invocations
 + Level 2.2 Evocations


You had 10 spell levels left.
You didn't know any spells.
Your spell library contained the following spells:

 Spells                   Type           Power      Damage    Failure   Level
 Ignite Poison            Fire/Tmut/Pois 4%         N/A       41%         3
 Mephitic Cloud           Conj/Pois/Air  4%         N/A       41%         3
 Freezing Cloud           Conj/Ice/Air   2%         6-21      99%         5


Dungeon Overview and Level Annotations

Branches:
Dungeon (4/15)
 Temple: D:4-7

Altars:

Annotations:
D:4 Ijyb


Innate Abilities, Weirdness & Mutations

You have very sharp teeth.
Your uncanny sense of smell can sniff out nearby items.
Your experience applies equally to all skills.


Message History

It was a potion of degeneration.
There was something very wrong with that liquid.
You feel weakened.
You feel dopey.
You feel clumsy. Ijyb misses you.
Ijyb zaps a wand.
You resist with some effort. Ijyb hits you with a +6 club.
It was a potion of heal wounds.
You feel much better. Ijyb hits you with a +6 club! Ijyb barely misses you.
You feel less confused.
Ijyb zaps a wand.
Your will is overpowered!
You are confused.
Non-targeted confused throw: 12 darts (poison)
Press: ? - help, Q - select action, (/) - cycle Dir - look around, f - activate
Okay, then.
Ijyb hits you with a +6 club.
You closely miss Ijyb.
Ijyb is severely wounded.
Ijyb barely misses you.
You hit Ijyb but do no damage. You punch Ijyb, but do no damage.
Ijyb is heavily wounded.
You bump into the rock wall.
Ijyb zaps a wand.
You resist with some effort.
You barely miss Ijyb. You bite Ijyb, but do no damage.
Ijyb is heavily wounded.
Ijyb hits you with a +6 club.
You feel less confused.
You hit Ijyb but do no damage.
Ijyb is heavily wounded.
Ijyb hits you with a +6 club.
* * * LOW HITPOINT WARNING * * *
You hit Ijyb.
Ijyb is severely wounded.
You hit Ijyb.
Ijyb is severely wounded.
Ijyb hits you with a +6 club!
* * * LOW HITPOINT WARNING * * *
You hit Ijyb but do no damage.
Ijyb is severely wounded.
Ijyb hits you with a +6 club!
You die...

.# ## .# .# .. # #######
.### # #.....# .#.# #
#######...[.######..#.##
...................# #.#
#####@g...#####.## ##.
#.....# ##.###.# #######
##.#.## ##.### #.# #
#.### ##.... ##.#.##
##.###.#


You could see Ijyb.

Vanquished Creatures
  Menkaure (D:4)
  A black bear (D:4)
  A scorpion (D:4)
  A killer bee zombie (D:4)
  6 gnolls (D:2)
  5 adders
  An adder skeleton (D:4)
  A worm (D:2)
  An orc (D:4)
  10 ball pythons
  8 endoplasms
  3 giant cockroaches
  7 goblins
  6 hobgoblins
  3 jackals (D:1)
  4 quokkas
  6 bats
  3 frilled lizards
  4 kobolds
  7 rats
79 creatures vanquished.

Notes
Turn   | Place    | Note
-------+----------+-------------------------------------------
     0 | D:1      | ZappyNine the Gnoll Brigand began the quest for the Orb.
     0 | D:1      | Reached XP level 1. HP: 20/20 MP: 1/1
   150 | D:1      | Reached XP level 2. HP: 25/26 MP: 2/2
   560 | D:1      | Reached XP level 3. HP: 30/31 MP: 3/3
  1343 | D:2      | Reached skill level 1 in Invocations
  1563 | D:2      | Reached skill level 1 in Long Blades
  1563 | D:2      | Reached skill level 1 in Axes
  1563 | D:2      | Reached skill level 1 in Maces & Flails
  1563 | D:2      | Reached skill level 1 in Polearms
  1563 | D:2      | Reached skill level 1 in Staves
  1563 | D:2      | Reached skill level 1 in Slings
  1563 | D:2      | Reached skill level 1 in Bows
  1563 | D:2      | Reached skill level 1 in Crossbows
  1563 | D:2      | Reached skill level 1 in Armour
  1563 | D:2      | Reached skill level 1 in Shields
  1563 | D:2      | Reached skill level 1 in Unarmed Combat
  1563 | D:2      | Reached skill level 1 in Spellcasting
  1563 | D:2      | Reached skill level 1 in Evocations
  1702 | D:2      | Reached XP level 4. HP: 38/38 MP: 5/5
  2185 | D:2      | Reached skill level 1 in Conjurations
  2185 | D:2      | Reached skill level 1 in Hexes
  2185 | D:2      | Reached skill level 1 in Summonings
  2185 | D:2      | Reached skill level 1 in Necromancy
  2185 | D:2      | Reached skill level 1 in Translocations
  2185 | D:2      | Reached skill level 1 in Transmutations
  2185 | D:2      | Reached skill level 1 in Fire Magic
  2185 | D:2      | Reached skill level 1 in Ice Magic
  2185 | D:2      | Reached skill level 1 in Air Magic
  2185 | D:2      | Reached skill level 1 in Earth Magic
  2185 | D:2      | Reached skill level 1 in Poison Magic
  2523 | D:2      | Reached XP level 5. HP: 38/43 MP: 5/7
  2926 | D:3      | Found a faded altar of an unknown god.
  3234 | D:4      | Noticed a black bear
  3251 | D:4      | Killed a black bear
  3252 | D:4      | Reached skill level 8 in Stealth
  3252 | D:4      | Reached XP level 6. HP: 47/50 MP: 8/8
  3401 | D:4      | Noticed Menkaure
  3404 | D:4      | Killed Menkaure
  3405 | D:4      | Reached skill level 5 in Fighting
  3405 | D:4      | Reached skill level 5 in Short Blades
  3405 | D:4      | Reached skill level 5 in Throwing
  3467 | D:4      | Reached XP level 7. HP: 56/56 MP: 10/10
  3685 | D:4      | Noticed Ijyb
  3733 | D:4      | Slain by Ijyb

Illustrated notes

Levels and vault maps discovered:
D:1:      dpeg_arrival_simpleton_a, layout_basic, minmay_pentomino_u2
D:2:      kennysheep_six_static_rooms, layout_loops_ring,
          minmay_strange_pillars, serial_bayou_crossing
D:3:      layout_rooms, shapermc_ecumenical_altar_hornbeckon,
          small_statue_intersection
D:4:      layout_loops_cross, uniq_ijyb, uniq_menkaure

Skill      XL: |  1  2  3  4  5  6 |
---------------+-------------------+-----
Invocations    | 1 2 |  2.5
Long Blades    | 1 2 |  2.2
Axes           | 1 2 |  2.2
Maces & Flails | 1 2 |  2.2
Polearms       | 1 2 |  2.2
Staves         | 1 2 |  2.2
Slings         | 1 2 |  2.2
Bows           | 1 2 |  2.2
Crossbows      | 1 2 |  2.2
Armour         | 1 2 |  2.2
Shields        | 1 2 |  2.2
Unarmed Combat | 1 2 |  2.2
Spellcasting   | 1 2 |  2.2
Evocations     | 1 2 |  2.2
Conjurations   | 1 |  1.8
Hexes          | 1 |  1.8
Summonings     | 1 |  1.8
Necromancy     | 1 |  1.8
Translocations | 1 |  1.8
Transmutations | 1 |  1.8
Fire Magic     | 1 |  1.8
Ice Magic      | 1 |  1.8
Air Magic      | 1 |  1.8
Earth Magic    | 1 |  1.8
Poison Magic   | 1 |  1.8
Dodging        | 3 |  3.4
Stealth        | 8 |  8.1
Fighting       | 5 |  5.1
Short Blades   | 5 |  5.1
Throwing       | 5 |  5.1

Action                   |  1- 3 |  4- 6 |  7- 9 || total
-------------------------+-------+-------+-------++-------
Melee: Dagger            |   120 |    99 |    30 ||   249
       Bite              |     7 |     6 |     3 ||    16
       Punch             |     1 |     4 |     1 ||     6
Throw: Dart              |       |    30 |       ||    30
  Use: Potion            |     1 |       |     2 ||     3
 Stab: Sleeping          |    11 |    12 |     2 ||    25
Armor: Robe              |    22 |    19 |       ||    41
       Skin              |     7 |    15 |       ||    22
Dodge: Dodged            |    49 |    39 |    14 ||   102
